 Dungeon Crawl Stone Soup version 0.28.0 (webtiles) character file.

Game seed: 15068022917507478343

357 Jonnyslop the Poker (level 6, -6/39 HPs)
             Began as a Gargoyle Gladiator on May 12, 2022.
             Was an Initiate of the Shining One.
             Mangled by an ogre (19 damage)
             ... on level 4 of the Dungeon.
             The game lasted 00:09:51 (4346 turns).

Jonnyslop the Poker (Gargoyle Gladiator)            Turns: 4346, Time: 00:09:52

Health: -6/39      AC: 21    Str: 20    XL:     6   Next: 64%
Magic:  6/6        EV:  6    Int:  3    God:    the Shining One [......]
Gold:   207        SH:  0    Dex: 18    Spells: 5/5 levels left

rFire   + + .      SeeInvis .   a - +0 trident
rCold   . . .      Faith    .   (no shield)
rNeg    + . .      Spirit   .   o - +0 plate armour
rPois   ∞          Reflect  .   c - +0 helmet
rElec   +          Harm     .   n - +2 cloak of Youthful Indiscretion {rF+ Dex+4 Stlth+}
rCorr   .          Rampage  .   e - +2 pair of gloves
Will    .....                   (no boots)
Stlth   ..........              g - amulet "Nuut" {Acrobat rF+ Int-5 Dex+3 Slay+3}
HPRegen 0.13/turn               (no ring)
MPRegen 0.10/turn               (no ring)

@: glowing
A: sickness immunity, AC +4, negative energy resistance 1, electricity
resistance, torment resistance 1, petrification resistance
a: Renounce Religion


You were on level 4 of the Dungeon.
You worshipped the Shining One.
The Shining One was noncommittal.
You visited 1 branch of the dungeon, and saw 5 of its levels.
You also visited: Sewer.

You collected 207 gold pieces.

Inventory:

Hand Weapons
 a - a +0 trident (weapon)
Missiles
 d - 3 throwing nets (quivered)
Armour
 c - a +0 helmet (worn)
 e - a +2 pair of gloves (worn)
 n - the +2 cloak of Youthful Indiscretion (worn) {rF+ Dex+4 Stlth+}
   (You found it on level 3 of the Dungeon)

   Dex:       It affects your dexterity (+4).
   rF:        It protects you from fire.
   Stlth:     It makes you more stealthy.
 o - a +0 plate armour (worn)
Jewellery
 g - the amulet "Nuut" (around neck) {Acrobat rF+ Int-5 Dex+3 Slay+3}
   (You acquired it on level 4 of the Dungeon)

   [amulet of the acrobat]

   It increases your evasion while moving and waiting.
   Int:       It affects your intelligence (-5).
   Dex:       It affects your dexterity (+3).
   Slay:      It affects your accuracy & damage with ranged weapons and melee
   (+3).
   rF:        It protects you from fire.
Scrolls
 m - a scroll of teleportation
 p - a scroll of enchant weapon {unknown}
 q - a scroll of noise {unknown}
Potions
 b - a potion of heal wounds
 f - 2 potions of cancellation
 h - 2 potions of lignification
 i - 2 potions of curing
 j - a potion of invisibility {unknown}
 l - a potion of attraction {unknown}


   Skills:
 + Level 4.5 Fighting
 * Level 5.5 Polearms
 - Level 1.7 Throwing
 + Level 0.2 Armour
 - Level 2.4 Dodging
 + Level 0.4 Invocations


You had 5 spell levels left.
You didn't know any spells.
Your spell library contained the following spells:

 Spells                   Type           Power      Damage    Failure   Level
 Foxfire                  Conj/Fire      0%         2x1d4     100%        1
 Magic Dart               Conj           0%         1d3       100%        1
 Pain                     Necr           0%         1d4       100%        1
 Searing Ray              Conj           0%         2d4       100%        2
 Conjure Flame            Conj/Fire      0%         6-21      100%        3
 Ignite Poison            Fire/Tmut/Pois 0%         N/A       100%        3
 Inner Flame              Hex/Fire       0%         N/A       100%        3
 Mephitic Cloud           Conj/Pois/Air  0%         N/A       100%        3
 Flame Wave               Conj/Fire      0%         2d4       100%        4
 Fulminant Prism          Conj/Hex       0%         3d6       100%        4
 Agony                    Necr           0%         N/A       100%        5
 Excruciating Wounds      Necr           0%         N/A       100%        5
 Freezing Cloud           Conj/Ice/Air   0%         6-21      100%        5


Dungeon Overview and Level Annotations

Branches:
Dungeon (5/15)              Sewer (visited)
 Temple: D:4-7

Altars:
Fedhas
Uskayaw
The Shining One


Innate Abilities, Weirdness & Mutations

You are immune to sickness and miasma.
Your stone body is resilient. (AC +4)
You are immune to poison.
You resist negative energy. (rN+)
You are resistant to electric shocks. (rElec)
You are resistant to unholy torment.
You are immune to petrification.


Message History

Found 2 scrolls of identify.
There is a stone staircase leading up here.
You start resting.
HP restored.
k - a scroll of identify
There is a stone staircase leading up here.
Found 16 gold pieces.
Found 24 bolts and 14 arrows.
k - 2 scrolls of identify (gained 1)
There is a stone staircase leading up here.
Okay, then.
As you read the scroll of identify, it crumbles to dust.
h - 2 potions of lignification
As you read the scroll of identify, it crumbles to dust.
i - 2 potions of curing You climb upwards.
The bullfrog skeleton hits you but does no damage.
The ogre hits you with a +0 giant spiked club!
There is a stone staircase leading down here.
The bullfrog skeleton hits you but does no damage.
The bullfrog skeleton hits you.
The bullfrog skeleton completely misses you.
The bullfrog skeleton barely misses you.
The endoplasm jiggles.
The bullfrog skeleton hits you but does no damage.
The bullfrog skeleton misses you.
The bullfrog skeleton hits you but does no damage.
The bullfrog skeleton completely misses you.
The bullfrog skeleton completely misses you.
The bullfrog skeleton hits you but does no damage.
The bullfrog skeleton completely misses you.
Unknown command.
Okay, then.
You hit the ogre.
The ogre is lightly wounded.
The ogre hits you with a +0 giant spiked club!
You puncture the ogre!
The ogre is severely wounded.
The ogre hits you with a +0 giant spiked club!!
You die...

.........##
#............##
..####...##
##............##
.# ####
#.............# #
##...g........#
###............#
#..J...........#
#.O...........##
###.Z#..#.......#
#@#..#..##.....##
##OJZ##..###...#
#...##..# ##..#
##..##..## ####
#..###..# #..#
#..# #..# #..##
#..# ##..# #..#
#..#


You could see an ogre, an endoplasm and a bullfrog skeleton.

Vanquished Creatures
  Pargi (Sewer)
  A scorpion (D:4)
  Jessica (D:2)
  An iguana (D:4)
  4 adders
  An ufetubus (D:4)
  2 dart slugs
  2 worms
  8 orcs
  13 endoplasms
  6 giant cockroaches
  5 goblins
  10 hobgoblins
  3 jackals (D:4)
  3 quokkas
  7 ball pythons
  7 bats
  6 frilled lizards
  7 kobolds
  4 rats
92 creatures vanquished.

Notes
Turn   | Place    | Note
-------+----------+-------------------------------------------
     0 | D:1      | Jonnyslop the Gargoyle Gladiator began the quest for the
                  | Orb.
     0 | D:1      | Reached XP level 1. HP: 12/12 MP: 1/1
   106 | D:1      | Reached skill level 3 in Polearms
   108 | D:1      | Reached XP level 2. HP: 15/18 MP: 2/2
   710 | D:1      | Reached XP level 3. HP: 22/22 MP: 3/3
  1064 | D:2      | Noticed Jessica
  1075 | D:2      | Killed Jessica
  1076 | D:2      | Reached XP level 4. HP: 19/28 MP: 4/4
  1193 | D:2      | Reached skill level 4 in Polearms
  2017 | D:2      | Found a faded altar of an unknown god.
  2560 | D:3      | Reached XP level 5. HP: 32/32 MP: 5/5
  2677 | D:3      | Found a glowing drain.
  2723 | Sewer    | Entered a sewer
  2806 | Sewer    | Noticed Pargi
  2832 | Sewer    | Killed Pargi
  2833 | Sewer    | Reached skill level 5 in Polearms
  2833 | Sewer    | Reached XP level 6. HP: 24/38 MP: 6/6
  3190 | D:3      | Identified the +2 cloak of Youthful Indiscretion {rF+ Dex+4
                  | Stlth+}
  3685 | D:4      | Identified a scroll of acquirement
  3685 | D:4      | Acquired the amulet "Nuut" {Acrobat rF+ Int-5 Dex+3 Slay+3}
  3838 | D:4      | Found a hide-covered altar of Uskayaw.
  3839 | D:4      | Found a glowing golden altar of the Shining One.
  3839 | D:4      | Found a blossoming altar of Fedhas.
  3849 | D:4      | Became a worshipper of the Shining One
  4160 | D:5      | Entered Level 5 of the Dungeon
  4346 | D:4      | Mangled by an ogre

Illustrated notes

Levels and vault maps discovered:
D:1:      minmay_arrival_nine_rooms, layout_loops_ring, st_stairs_12,
          kennysheep_pointless_box, minmay_hexomino_p4
D:2:      layout_basic, hellmonk_ecumenical_altar_prayer_group,
          minmay_split_cup_large, uniq_jessica
D:3:      layout_loops_ring, gup_sewer_entry_glass
D:4:      minmay_razor_zed, layout_cave_pods,
          nzn_overflow_gifts_of_might_and_magic,
          chequers_temple_overflow_statue_of_worship
D:5:      layout_rooms, kiku_gazebo_pond_becter, serial_shops,
          nicolae_square_shop

Skill      XL: |  1  2  3  4  5 |
---------------+----------------+-----
Polearms       | 3 4 5 |  5.5
Fighting       | 3 4 |  4.5
Throwing       | |  1.7
Armour         | |  0.2
Dodging        | |  2.4
Invocations    | |  0.4

Action                   |  1- 3 |  4- 6 || total
-------------------------+-------+-------++-------
Melee: Trident           |    84 |   219 ||   303
       Punch             |       |     1 ||     1
  Use: Scroll            |     3 |     6 ||     9
Armor: Leather armour    |    11 |       ||    11
       Chain mail        |    30 |   139 ||   169
       Plate armour      |       |    41 ||    41
Dodge: Dodged            |    36 |    85 ||   121
